 Dungeon Crawl Stone Soup version 0.26-a0-638-gcca6ad1b57 (webtiles) character file.

Game seed: 2848054504837124573

79 DogServant the Digger (level 4, 26/26 HPs)
             Began as a Gargoyle Earth Elementalist on Sept 14, 2020.
             Quit the game on level 3 of the Dungeon.
             The game lasted 00:04:54 (2334 turns).

DogServant the Digger (Gargoyle Earth Elementalist) Turns: 2334, Time: 00:04:55

Health: 26/26      AC:  7    Str:  9 (12) XL:     4   Next: 38%
Magic:  1/8        EV: 12    Int: 14 (16) God:
Gold:   160        SH:  0    Dex:  7 (10) Spells: 8/9 levels left

rFire    . . .     SeeInvis .   i - +0 dagger
rCold    . . .     Faith    .   (no shield)
rNeg     + + .     Spirit   .   c - +0 robe
rPois    ∞         Reflect  .   (no helmet)
rElec    +         Harm     .   (no cloak)
rCorr    .         Rampage  .   (no gloves)
MR       .....     Rnd*Tele +   (no boots)
Stlth    ++........             (no amulet)
HPRegen  0.08/turn              f - ring of teleportation (curse)
MPRegen  0.11/turn              n - ring of positive energy

@: stab, flying
A: icy blue scales 1, blink, negative energy resistance 1, electricity
resistance, wild magic 1, unbreathing, petrification resistance, rot immunity,
AC +3
a: Blink


You were on level 3 of the Dungeon.
You visited 1 branch of the dungeon, and saw 3 of its levels.

You collected 160 gold pieces.

Inventory:

Hand Weapons
 g - a +0 dagger
 i - a +0 dagger (weapon)
Missiles
 b - 115 stones (quivered)
Armour
 c - a +0 robe (worn)
Jewellery
 f - a cursed ring of teleportation (left hand)
 j - an uncursed ring of poison resistance
 n - a ring of positive energy (right hand)
Potions
 a - 2 potions of mutation
 e - 2 potions of curing
 h - 2 potions of heal wounds
 m - a potion of ambrosia {unknown}


   Skills:
 + Level 1.7 Fighting
 - Level 1.5 Dodging
 - Level 2.1 Stealth
 * Level 3.0 Spellcasting
   Level 0.7 Transmutations
 * Level 4.7 Earth Magic


You had 8 spell levels left.
You knew the following spells:

 Your Spells              Type           Power        Failure   Level
a - Sandblast             Erth           ###...       5%          1

Your spell library contained the following spells:

 Spells                   Type           Power        Failure   Level
 Passwall                 Tmut/Erth      ##......     16%         2
 Stone Arrow              Conj/Erth      ##....       32%         3
 Petrify                  Tmut/Erth      ##......     65%         4
 Lee's Rapid Deconstruct  Erth           ###.......   71%         5


Dungeon Overview and Level Annotations

Branches:
Dungeon (3/15)

Altars:
The Shining One

Annotations:
D:3 Terence


Innate Abilities, Weirdness & Mutations

You are resistant to torment.
Your stone body is resilient. (AC +3)
You are immune to poison.
You resist negative energy. (rN+)
You are resistant to electric shocks. (rElec)
You can survive without breathing.
You are immune to petrification.
You are immune to rotting.
You are partially covered in icy blue scales. (AC +2)
You can translocate small distances at will.
Your spells are a little harder to cast, but a little more powerful.


Message History

Casting: Sandblast (safe; 4% risk of failure)
Confirm with . or Enter, or press ? or * to list all spells.
Aiming: Sandblast (safe; 4% risk of failure)
Press: ? - help, Shift-Dir - straight line, f/p - Terence
Aim: Terence, wielding a +2 flail of protection and wearing a +0 scale mail (heavily wounded)
The blast of sand hits Terence but does no damage.
Terence is heavily wounded.
b - 115 stones Terence completely misses you.
It was a potion of heal wounds.
You feel much better. Terence barely misses you.
It was a potion of flight.
You feel very buoyant.
You fly up into the air.
It was a potion of degeneration.
There was something very wrong with that liquid.
You feel weakened.
You feel dopey.
You feel clumsy.
Terence shouts, "Get ready for death!"
Terence hits you but does no damage.
Are you sure you want to abandon this character and quit the game? (Confirm with "yes".)

#...#.###.#
#.........#
#####.##### #.#
#.# #.#
..###########.#
...........##.#
#.@@.....#
#.###.#### #.
#.# .. ..# ###
####


You could see Terence.

Vanquished Creatures
  A worker ant zombie (D:2)
  3 adders (D:2)
  An ooze (D:2)
  A worm (D:3)
  2 leopard geckos (D:2)
  5 goblins
  3 hobgoblins
  2 jackals (D:1)
  2 kobolds (D:1)
  A ball python (D:2)
  A bat (D:2)
  6 frilled lizards
  8 rats
36 creatures vanquished.

Notes
Turn   | Place    | Note
-------+----------+-------------------------------------------
     0 | D:1      | DogServant the Gargoyle Earth Elementalist began the quest
                  | for the Orb.
     0 | D:1      | Reached XP level 1. HP: 10/10 MP: 3/3
   427 | D:1      | Reached XP level 2. HP: 16/16 MP: 0/5
   517 | D:1      | Reached skill level 4 in Earth Magic
  1288 | D:2      | Reached skill level 1 in Fighting
  1291 | D:2      | Reached XP level 3. HP: 9/20 MP: 0/6
  1589 | D:2      | Reached XP level 4. HP: 25/25 MP: 8/8
  1859 | D:2      | Found a glowing golden altar of the Shining One.
  2285 | D:3      | Noticed Terence
  2324 | D:3      | Gained mutation: You can translocate small distances at
                  | will. [potion of mutation]
  2324 | D:3      | Gained mutation: You are partially covered in icy blue
                  | scales. (AC +2) [potion of mutation]
  2324 | D:3      | Gained mutation: Your spells are a little harder to cast,
                  | but a little more powerful. [potion of mutation]
  2334 | D:3      | Quit the game

Illustrated notes

Levels and vault maps discovered:
D:1:      sevenhm_arrival_forest_fort_large_2, layout_loops_ring,
          palyth_stone_intersect
D:2:      layout_loops_ring, tso_oasis_becter
D:3:      layout_loops_corners, uniq_jessica, uniq_terence

Skill      XL: |  1  2  3  4 |
---------------+-------------+-----
Earth Magic    | 4 |  4.7
Fighting       | 1 |  1.7
Spellcasting   | 3 |  3.0
Dodging        | |  1.5
Stealth        | |  2.1
Transmutations | |  0.7

Action                   |  1- 3 |  4- 6 || total
-------------------------+-------+-------++-------
Melee: Unarmed           |    48 |       ||    48
       Dagger            |    15 |    28 ||    43
Throw: Stone             |     1 |     1 ||     2
 Cast: Sandblast         |    27 |    20 ||    47
  Use: Scroll            |     1 |     2 ||     3
       Potion            |       |     6 ||     6
 Stab: Sleeping          |     1 |     1 ||     2
Armor: Robe              |    29 |    13 ||    42
Dodge: Dodged            |    39 |    17 ||    56

Table legend: (Time is in decaauts)
 A = Elapsed time spent in this place.
 B = Non-inter-level travel time spent in this place.
 C = Inter-level travel time spent in this place.
 D = Time resting spent in this place.
 E = Time spent auto-exploring this place.
 F = Levels seen in this place.
 G = Mean time per level.
                   A        B        C        D        E       F      G
               +--------+--------+--------+--------+--------+-----+--------+
         Total |   2330 |   2235 |     95 |      0 |   1871 |   3 |  776.7 |
       Dungeon |   2330 |   2235 |     95 |      0 |   1871 |   3 |  776.7 |
               +--------+--------+--------+--------+--------+-----+--------+

Top non-repeatable levels by time:
     D:1: 1197 daAuts
     D:2: 1012 daAuts
     D:3: 120 daAuts
